 Dungeon Crawl Stone Soup version 0.22.1-2-g9c5b331 (webtiles) character file.

64 whitewolfNL the Cudgeler (level 3, -3/33 HPs)
             Began as a Minotaur Berserker on Nov 28, 2018.
             Was a Follower of Trog.
             Slain by a bullfrog (4 damage)
             ... on level 3 of the Dungeon.
             The game lasted 00:05:46 (2135 turns).

whitewolfNL the Cudgeler (Minotaur Berserker)       Turns: 2135, Time: 00:05:46

Health: -3/33      AC:  7    Str: 21    XL:     3   Next: 91%
Magic:  2/2        EV: 10    Int:  5    God:    Trog [*.....]
Gold:   88         SH:  0    Dex:  9    Spells: 2/2 levels left

rFire    . . .     SeeInvis +   t - +0 flail
rCold    . . .     Gourm    .   (no shield)
rNeg     . . .     Faith    .   s - +0 scale mail
rPois    .         Spirit   .   (helmet restricted)
rElec    .         Reflect  .   (no cloak)
rCorr    .         Harm     .   (no gloves)
MR       .....                  u - +0 pair of boots
Stlth    ..........             (no amulet)
HPRegen  0.11/turn              i - ring of see invisible
MPRegen  0.08/turn              (no ring)

@: berserk cooldown, slowed, very slow
A: retaliatory headbutt, horns 2
a: Berserk, Renounce Religion


You were on level 3 of the Dungeon.
You worshipped Trog.
Trog was aware of your devotion.
You were hungry.

You visited 1 branch of the dungeon, and saw 3 of its levels.

You collected 88 gold pieces.

Inventory:

Hand Weapons
 t - a +0 flail (weapon)
 w - a +0 hunting sling
Missiles
 d - 62 bolts
 l - 46 arrows
 m - 26 sling bullets
Armour
 s - a +0 scale mail (worn)
 u - a +0 pair of boots (worn)
Jewellery
 b - an uncursed ring of positive energy {unknown}
 i - a ring of see invisible (left hand)
Scrolls
 f - a scroll of teleportation {unknown}
 h - 3 scrolls of blinking {unknown}
 j - 3 scrolls of identify {unknown}
 k - 2 scrolls of amnesia {unknown}
 n - a scroll of remove curse {unknown}
 o - 2 scrolls of enchant armour {unknown}
 r - a scroll of random uselessness {unknown}
 y - a scroll of enchant weapon {unknown}
Potions
 e - 2 potions of haste {unknown}
 g - a potion of might {unknown}
 p - a potion of mutation {unknown}
 q - a potion of heal wounds {unknown}
 v - a potion of cancellation {unknown}
 x - a potion of berserk rage {unknown}
Comestibles
 a - 2 chunks of flesh
 c - 6 rations


   Skills:
 + Level 4.0 Fighting
 * Level 4.6 Maces & Flails
 * Level 3.1 Armour
 * Level 2.7 Dodging
 * Level 0.9 Stealth


You had 2 spell levels left.
You didn't know any spells.
Your spell library was empty.

Dungeon Overview and Level Annotations

Branches:
Dungeon (3/15)

Altars:
Ashenzari
Okawaru
The Shining One


Innate Abilities, Weirdness & Mutations

You reflexively headbutt those who attack you in melee.
You have a pair of horns on your head.


Message History

You are feeling hungry.
The bullfrog hits you.
The kobold throws a stone.
The stone barely misses you. The adder barely misses you.
The bullfrog hits you!
You closely miss the adder. Your headbutt misses the adder.
The adder is heavily wounded.
The bullfrog hits you. The adder bites you but does no damage.
The kobold throws a stone.
The stone hits you but does no damage.
You see here 2 stones.
You feel a strong urge to attack something.
You feel your anger nearly subside.
You are no longer berserk.
You are exhausted.
You feel yourself slow down. The bullfrog hits you.
* * * LOW HITPOINT WARNING * * *
You barely miss the bullfrog. The bullfrog hits you.
* * * LOW HITPOINT WARNING * * *
The adder bites you.
* * * LOW HITPOINT WARNING * * *
The bullfrog hits you.
You die...

....######.#### #####
#.......# #...#. #.##.##.#
#.... #.##.##.# #...#
#....##.# #...# ###..####.#
#...# # #####.......#.##
#...# ..#
>..##.#........####K..##.....
...##.##..#.....@FgJ((.......
...##.##.........S......#....
...##.###....................
...............####..(######
.####.......#### #...#
.#########.## #...#
.......###.# #...#
.###.....[.########...# ####
.# #.#.##..##.....)...# #..


You could see a bullfrog, an ooze, an adder, a goblin and a kobold.

Vanquished Creatures
  3 adders
  A worm (D:2)
  3 leopard geckos
  2 orcs (D:3)
  3 bats
  A giant cockroach (D:2)
  4 goblins
  4 hobgoblins
  3 kobolds
  A ball python (D:1)
  3 rats
28 creatures vanquished.

Notes
Turn   | Place    | Note
-------+----------+-------------------------------------------
     0 | D:1      | whitewolfNL the Minotaur Berserker began the quest for the
                  | Orb.
     0 | D:1      | Reached XP level 1. HP: 19/19 MP: 0/0
   910 | D:2      | Reached XP level 2. HP: 25/27 MP: 1/1
   929 | D:2      | Found a shattered altar of Ashenzari.
  1021 | D:2      | Reached XP level 3. HP: 33/33 MP: 2/2
  1197 | D:2      | Found a glowing golden altar of the Shining One.
  1229 | D:2      | Found an iron altar of Okawaru.
  2124 | D:3      | Noticed a bullfrog
  2135 | D:3      | HP: 1/33 [adder (1)]
  2135 | D:3      | Slain by a bullfrog

Skill      XL: |  1  2  3 |
---------------+----------+-----
Maces & Flails | 4 |  4.6
Armour         | 3 |  3.1
Fighting       | 4 |  4.0
Dodging        | |  2.7
Stealth        | |  0.9

Action                   || total
-------------------------++-------
Melee: Mace              ||    38
       Headbutt          ||    13
       Flail             ||    39
Invok: Berserk           ||     1
  Eat: Chunk             ||     4
Armor: Animal skin       ||     6
       Ring mail         ||    32
       Scale mail        ||    10
Dodge: Dodged            ||    52
